 Dungeon Crawl Stone Soup version 0.30.0-19-g36f170ea60 (webtiles) character file.

Game seed: 16424697522441158776

2884 wingedge the Caller (level 10, -6/71 HPs)
             Began as a Human Wanderer on May 31, 2023.
             Was an Initiate of Vehumet.
             Mangled by a two-headed ogre
             ... wielding a +0 giant club
              (15 damage)
             ... on level 8 of the Dungeon.
             The game lasted 00:28:36 (10034 turns).

wingedge the Caller (Human Wanderer)               Turns: 10034, Time: 00:28:37

Health: -6/71      AC: 11    Str: 14    XL:     10   Next: 5%
Magic:  8/18       EV:  9    Int: 16    God:    Vehumet [......]
Gold:   497        SH:  4    Dex: 12    Spells: 15/19 levels left

rFire   . . .        b - +2 dagger (elec)
rCold   + . .        d - +0 buckler {AC+3}
rNeg    . . .        n - +1 ring mail {rPois}
rPois   +            (no helmet)
rElec   .            (no cloak)
rCorr   .            (no gloves)
SInv    .            j - +0 pair of boots
Will    .....        (no amulet)
Stlth   +            B - ring of protection from cold
HPRegen 0.31/turn    (no ring)
MPRegen 0.16/turn

%: no passive effects
@: no status effects
A: no striking features
a: Renounce Religion


You were on level 8 of the Dungeon.
You worshipped Vehumet.
Vehumet was noncommittal.
You visited 2 branches of the dungeon, and saw 9 of its levels.
You also visited: Ossuary.

You collected 497 gold pieces.

Inventory:

Hand Weapons
 a - a +1 heavy spear
 b - a +2 dagger of electrocution (weapon)
Missiles
 u - a curare-tipped dart (quivered)
 y - 4 atropa-tipped darts
 A - 5 poisoned darts
Armour
 d - a +0 buckler of protection (worn)
 j - a +0 pair of boots (worn)
 n - a +1 ring mail of poison resistance (worn)
Jewellery
 B - a ring of protection from cold (left hand)
Wands
 f - a wand of flame (36)
Scrolls
 e - 10 scrolls of teleportation
 g - a scroll of vulnerability
 l - 2 scrolls of blinking {unknown}
 o - a scroll of magic mapping {unknown}
 p - 2 scrolls of torment
 r - 2 scrolls of enchant weapon {unknown}
 w - a scroll of immolation {unknown}
 x - a scroll of amnesia {unknown}
 z - a scroll of poison {unknown}
 D - a scroll of enchant armour {unknown}
Potions
 h - a potion of heal wounds {unknown}
 i - a potion of invisibility {unknown}
 m - 2 potions of lignification {unknown}
 q - 5 potions of curing
 s - 3 potions of haste
 t - a potion of berserk rage {unknown}
 C - 2 potions of magic {unknown}
 E - a potion of attraction {unknown}


   Skills:
 + Level 3.8 Fighting
 + Level 5.5 Armour
 + Level 3.1 Shields
 + Level 5.4 Spellcasting
 + Level 6.6 Summonings
 - Level 5.0 Transmutations
 + Level 2.2 Earth Magic
 - Level 5.0 Poison Magic


You had 15 spell levels left.
You knew the following spells:

 Your Spells              Type           Power      Damage    Failure   Level
a - Sting                 Tmut/Pois      80%        1d7       4%          1
b - Call Canine Familiar  Summ           25%        N/A       8%          3

Your spell library contained the following spells:

 Spells                   Type           Power      Damage    Failure   Level
 Summon Small Mammal      Summ           100%       N/A       2%          1
 Spider Form              Tmut/Pois      20%        N/A       14%         3
 Summon Guardian Golem    Hex/Summ       14%        N/A       28%         3
 Ensorcelled Hibernation  Hex/Ice        8%         N/A       50%         2
 Mephitic Cloud           Conj/Pois/Air  9%         N/A       50%         3
 Volatile Blastmotes      Fire/Tloc      8%         2d10      73%         3
 Alistair's Intoxication  Tmut/Pois      13%        N/A       78%         5
 Anguish                  Hex/Necr       2%         N/A       98%         4
 Fulminant Prism          Conj/Hex       2%         3d5       98%         4
 Iskenderun's Mystic Bla  Conj/Tloc      4%         2d3       98%         4
 Lee's Rapid Deconstruct  Erth           5%         3d6*      99%         5
 Borgnjor's Vile Clutch   Necr/Erth      3%         N/A       100%        5
 Eringya's Noxious Bog    Tmut/Pois      10%        N/A       100%        6
 Orb of Destruction       Conj           2%         9d5       100%        7
 Spellforged Servitor     Conj/Summ      7%         N/A       100%        7


Dungeon Overview and Level Annotations

Branches:
Dungeon (8/15)             Temple (1/1) D:7         Ossuary (visited)
   Lair: D:8-11

Altars:
Ashenzari
Cheibriados
Hepliaklqana
Kikubaaqudgha
Nemelex Xobeh
Okawaru
Qazlal
Ru
Sif Muna
Trog
Vehumet
Wu Jian
Xom
Yredelemnul
Zin

Shops:
D:3 [

Annotations:
D:7 2 transporters, exclusions: ice statue and oklob plant, tsMfbOW2's ghost, novice MeCA


Message History

Press: ? - help, Shift-Dir - straight line, f/p - two-headed ogre
Aim: a two-headed ogre, wielding two +0 giant clubs (severely wounded, extremely poisoned, slow, ally target, 89% to hit)
The sting hits the two-headed ogre but does no damage.
The two-headed ogre looks as sick as possible!
The two-headed ogre is severely wounded.
The two-headed ogre is no longer moving slowly.
Your hound bites the two-headed ogre but does no damage.
The two-headed ogre hits your hound with a +0 giant club! x2
Your hound dies!
Your hound's corpse disappears in a puff of smoke!
The two-headed ogre shouts in stereo!
Casting: Sting (safe; 4% risk of failure)
Confirm with . or Enter, or press ? or * to list all spells.
Aiming: Sting (safe; 4% risk of failure)
Press: ? - help, Shift-Dir - straight line, f/p - two-headed ogre
Aim: a two-headed ogre, wielding two +0 giant clubs (severely wounded, extremely poisoned, 89% to hit)
The sting hits the two-headed ogre.
The two-headed ogre looks as sick as possible!
The two-headed ogre is severely wounded.
Casting: Sting (safe; 4% risk of failure)
Confirm with . or Enter, or press ? or * to list all spells.
Aiming: Sting (safe; 4% risk of failure)
Press: ? - help, Shift-Dir - straight line, f/p - two-headed ogre
Aim: a two-headed ogre, wielding two +0 giant clubs (severely wounded, extremely poisoned, 89% to hit)
The sting hits the two-headed ogre.
The two-headed ogre looks as sick as possible!
The two-headed ogre is severely wounded.
The two-headed ogre barely misses you.
The two-headed ogre hits you with a +0 giant club!!
* * * LOW HITPOINT WARNING * * *
Casting: Sting (safe; 4% risk of failure)
Confirm with . or Enter, or press ? or * to list all spells.
Aiming: Sting (safe; 4% risk of failure)
Press: ? - help, Shift-Dir - straight line, f/p - two-headed ogre
Aim: a two-headed ogre, wielding two +0 giant clubs (almost dead, extremely poisoned, 89% to hit)
The sting hits the two-headed ogre but does no damage.
The two-headed ogre looks as sick as possible!
The two-headed ogre is almost dead.
The two-headed ogre hits you with a +0 giant club!
You die...

.............#
#....[.).
....Y.....####
#........
..........##
#........ .
...........
......... ..
#######..#.#
.#.###.## ...
##...#.. ....
#..††#
.....######.#.O#
#.......##..#.@#
.
#######....#..)#
.#
###..#.#.###..#
##...........#
#.........##.#
#.......#......
##...!..###.....
#....<..# .##..
........).# . .


You could see a two-headed ogre (extremely poisoned).

Vanquished Creatures
  A hornet (D:8)
  3 yaks (D:8)
  Menkaure (D:7)
  A water moccasin (D:6)
  Duvessa (D:5)
  2 sky beasts (D:6)
  2 ice beasts
  2 ogres (D:5)
  A bullfrog (D:7)
  A gnoll sergeant (D:7)
  2 scorpions
  Dowan (D:5)
  A hound (D:5)
  4 jellies
  A gnoll bouda (D:5)
  3 sleepcaps
  Jessica (D:3)
  An orc wizard (D:3)
  Natasha (thrice) (D:2)
  3 iguanas
  12 gnolls
  6 adders
  4 ufetubi
  A worm (D:2)
  4 dart slugs
  22 orcs
  8 bats
  9 endoplasms
  14 giant cockroaches
  7 goblins
  11 hobgoblins
  A kobold (D:1)
  3 quokkas
  8 ball pythons
  4 frilled lizards
  7 rats
156 creatures vanquished.

Vanquished Creatures (collateral kills)
  Prince Ribbit (D:7)
  An orc priest (D:7)
  3 orc wizards (D:7)
  A gnoll (D:7)
  An orc (D:7)
7 creatures vanquished.

Grand Total: 163 creatures vanquished

Notes
Turn   | Place    | Note
-------+----------+-------------------------------------------
     0 | D:1      | wingedge the Human Wanderer began the quest for the Orb.
     0 | D:1      | wingedge set off with the following items: a +0 club, a +0
                  | ring mail, a scroll of fear, a +0 buckler of protection;
                  | and the following spell memorised: Sting; and the following
                  | spells available to memorise: Mephitic Cloud.
     0 | D:1      | Reached XP level 1. HP: 15/15 MP: 4/4
   164 | D:1      | Reached skill level 1 in Transmutations
   275 | D:1      | Reached XP level 2. HP: 21/21 MP: 4/6
   854 | D:1      | Reached XP level 3. HP: 24/26 MP: 4/7
  1651 | D:2      | Noticed Natasha
  1668 | D:3      | Reached XP level 4. HP: 22/32 MP: 3/8
  1942 | D:3      | Found a bloodstained altar of Trog.
  2375 | D:3      | Reached XP level 5. HP: 33/37 MP: 4/10
  2562 | D:3      | Found Quzeth's Antique Armour Emporium.
  2600 | D:3      | Noticed Jessica
  2610 | D:3      | Killed Jessica
  3168 | D:4      | Found a sand-covered staircase.
  3174 | Ossuary  | Entered an ossuary
  3373 | D:2      | Killed Natasha
  3378 | D:2      | Noticed Natasha
  3452 | D:2      | Killed Natasha
  3453 | D:2      | Reached XP level 6. HP: 43/43 MP: 6/11
  3558 | D:2      | Noticed Natasha
  3566 | D:2      | Killed Natasha
  3867 | D:2      | Found a faded altar of an unknown god.
  3974 | D:2      | Found a snail-covered altar of Cheibriados.
  5038 | D:5      | Entered Level 5 of the Dungeon
  5079 | D:5      | Noticed an ogre
  5197 | D:5      | Reached skill level 1 in Summonings
  5216 | D:5      | Noticed an ogre
  5222 | D:5      | Killed an ogre
  5223 | D:5      | Reached XP level 7. HP: 49/50 MP: 2/13
  5438 | D:5      | Reached skill level 2 in Summonings
  5739 | D:5      | Reached skill level 5 in Poison Magic
  5878 | D:5      | Found an iron altar of Okawaru.
  6044 | D:5      | Learned a level 3 spell: Call Canine Familiar
  6077 | D:5      | Noticed Duvessa
  6088 | D:5      | Killed Duvessa
  6088 | D:5      | Noticed Dowan
  6089 | D:5      | Reached skill level 3 in Summonings
  6089 | D:5      | Reached XP level 8. HP: 52/56 MP: 5/14
  6096 | D:5      | Killed Dowan
  6621 | D:6      | Reached skill level 5 in Transmutations
  7363 | D:6      | Reached skill level 4 in Summonings
  7837 | D:7      | Noticed Menkaure
  7851 | D:7      | Killed Menkaure
  7852 | D:7      | Reached skill level 5 in Spellcasting
  7852 | D:7      | Reached XP level 9. HP: 48/63 MP: 9/16
  8024 | D:7      | Reached skill level 5 in Summonings
  8202 | D:7      | Reached skill level 5 in Armour
  8417 | D:7      | Found a staircase to the Ecumenical Temple.
  8424 | D:7      | Reached skill level 6 in Summonings
  8490 | Temple   | Entered the Ecumenical Temple
  8648 | Temple   | Became a worshipper of Vehumet
  8671 | D:7      | Noticed an ice statue
  8679 | D:7      | Noticed an oklob plant
  8879 | D:7      | Found a transporter.
  8880 | D:7      | Found a transporter.
  8888 | D:7      | Noticed tsMfbOW2's ghost (novice MeCA)
  8889 | D:7      | Noticed a manticore
  8927 | D:7      | Noticed Prince Ribbit
  8934 | D:7      | Killed Prince Ribbit
  8935 | D:7      | Reached skill level 1 in Earth Magic
  9436 | D:8      | HP: 1/64 [yak (6)]
  9693 | D:8      | Noticed a hornet
  9707 | D:8      | Killed a hornet
  9880 | D:8      | Reached XP level 10. HP: 43/71 MP: 6/18
 10023 | D:8      | Noticed a two-headed ogre
 10034 | D:8      | Mangled by a two-headed ogre

Illustrated notes

Levels and vault maps discovered:
D:1:      nicolae_arrival_somewhat_less_tricky_arrival, layout_loops_ring,
          minmay_misc_feat_tower
D:2:      layout_rooms, shapermc_ecumenical_altar_ellora, basic_altar,
          uniq_natasha
D:3:      minmay_roachtagon, layout_loops_ring, mainiacjoe_overflow_paths,
          serial_shops, shop, minmay_misc_feat_room, uniq_jessica
D:4:      layout_basic, enter_ossuary_2, kennysheep_generic_room_8
D:5:      layout_cave_pools, okawaru_ov_weapons_minmay, uniq_duvessa
D:6:      layout_gridville
D:7:      layout_basic, minmay_temple_entry_butterflies, nzn_ghost_randoct,
          uniq_menkaure, uniq_prince_ribbit1
D:8:      gammafunk_cloud_chamber, layout_rooms, nicolae_overflow_hidden_temple,
          gammafunk_ghost_nasty_kobolds
Temple:   hellmonk_temple_forest_ring

Skill      XL: |  1  2  3  4  5  6  7  8  9 |
---------------+----------------------------+-----
Transmutations | 1 2 3 4 5 |  5.0
Poison Magic   | 4 5 |  5.0
Spellcasting   | 4 5 |  5.4
Armour         | 2 4 5 |  5.5
Fighting       | 2 3 |  3.8
Summonings     | 1 3 4 6 |  6.6
Earth Magic    | 2 |  2.2
Shields        | 3 |  3.1

Action                     |  1- 3 |  4- 6 |  7- 9 | 10-12 || total
---------------------------+-------+-------+-------+-------++-------
  Melee: Dagger            |    15 |     9 |    11 |     4 ||    39
         Club              |     5 |       |       |       ||     5
         Trident           |       |    12 |       |       ||    12
         Spear             |       |       |     4 |       ||     4
  Throw: Dart              |       |     1 |     8 |     1 ||    10
   Cast: Sting             |    69 |   190 |   254 |    13 ||   526
         Call Canine Famil |       |       |    16 |     1 ||    17
    Use: Scroll            |       |     5 |     2 |       ||     7
         Potion            |       |     2 |       |       ||     2
 Armour: Ring mail         |    24 |    60 |   102 |     1 ||   187
  Dodge: Dodged            |    37 |    93 |    72 |     5 ||   207
  Block: Buckler           |    13 |    29 |    37 |       ||    79
